 Dungeon Crawl Stone Soup version 0.20.0-10-g0535bb4 (webtiles) character file.

32 Gorglomux the Gusty (level 3, 0/23 HPs)
             Began as a Halfling Air Elementalist on June 6, 2017.
             Slain by Natasha (8 damage)
             ... on level 2 of the Dungeon.
             The game lasted 00:03:03 (1431 turns).

Gorglomux the Gusty (Halfling Air Elementalist)     Turns: 1431, Time: 00:03:04

Health: 0/23       AC:  2    Str:  9    XL:     3   Next: 42%
Magic:  1/5        EV: 15    Int: 13    God:
Gold:   100        SH:  0    Dex: 15    Spells: 4/5 levels left

rFire    . . .     SeeInvis .   a - +0 hunting sling
rCold    . . .     Gourm    .   (shield restricted)
rNeg     . . .     Faith    +   F - +0 robe
rPois    .         Spirit   .   (no helmet)
rElec    .         Reflect  .   (no cloak)
rCorr    .         Harm     .   (no gloves)
MR       .....                  (no boots)
Stlth    ++........             H - amulet of faith
Regen    0.1/turn               (no ring)
MPRegen  0.1/turn               (no ring)

@: very slightly contaminated, slowed, very slow
A: mutation resistance 1
a: no special abilities


You were on level 2 of the Dungeon.
You were not hungry.

You visited 1 branch of the dungeon, and saw 2 of its levels.

You collected 100 gold pieces.

Inventory:

Hand Weapons
 a - a +0 hunting sling (weapon)
Missiles
 G - 3 stones (quivered)
 N - 25 sling bullets
Armour
 F - a +0 robe (worn)
Jewellery
 H - an amulet of faith (around neck)
Scrolls
 B - a scroll of identify {unknown}
 D - a scroll of enchant weapon {unknown}
 I - a scroll of remove curse {unknown}
 L - a scroll of recharging {unknown}
Potions
 C - 3 potions of heal wounds {unknown}
 K - a potion of degeneration {unknown}
 M - a potion of lignification {unknown}
Books
 b - a book of Air

   Spells                             Type                      Level
   a - Shock                          Conjuration/Air              1
   b - Swiftness                      Charms/Air                   2
   c - Static Discharge               Conjuration/Air              3
   d - Airstrike                      Air                          4
   e - Lightning Bolt                 Conjuration/Air              5
Comestibles
 c - a bread ration
 z - a meat ration
 E - 5 fruits


   Skills:
 + Level 1.4 Fighting
 + Level 2.3 Slings
 - Level 2.1 Dodging
 - Level 2.7 Stealth
 - Level 1.5 Spellcasting
 - Level 0.7 Conjurations
 - Level 3.0 Air Magic


You had 4 spell levels left.
You knew the following spells:

 Your Spells              Type           Power        Failure   Level  Hunger
a - Shock                 Conj/Air       #...         12%         1    ##.....


Dungeon Overview and Level Annotations

Branches:
Dungeon (2/15)

Altars:

Annotations:
D:2 Natasha


Innate Abilities, Weirdness & Mutations

You are small and have problems with some larger weapons.
You are somewhat resistant to further mutation.


Message History

Firing (i - inventory. (,) - cycle):
G - 6 stones (quivered)
Press: ? - help, Shift-Dir - straight line, f/p - Natasha
Aim: Natasha (severely wounded)
You shoot a stone. The stone hits Natasha.
Natasha is severely wounded.
Natasha casts a spell.
Natasha casts a spell at you. You resist with significant effort.
Firing (i - inventory. (,) - cycle):
G - 5 stones (quivered)
Press: ? - help, Shift-Dir - straight line, f/p - Natasha
Aim: Natasha (severely wounded)
You shoot a stone. The stone hits Natasha.
Natasha is almost dead.
Natasha mumbles some strange words.
Natasha shimmers violently.
Natasha closely misses you. Natasha claws you but does no damage.
Firing (i - inventory. (,) - cycle):
G - 4 stones (quivered)
Press: ? - help, Shift-Dir - straight line, f/p - Natasha
Aim: Natasha (almost dead)
You shoot a stone. The stone barely misses Natasha.
Natasha claws you!
You die...

####### ....<.. .......
###### ....... #.....
.......############.....
......5@.........รท'.....
......h#######...##.....
.......#.#####...##.....
....(..#.....'...''.....
########.#####...##.....
#......)....'...+......
#.#####.#####...#......
#.# #.# #...#.##### #.#
#.#####...#[####


You could see Natasha and a crimson imp.

Vanquished Creatures
  An adder (D:2)
  A leopard gecko (D:1)
  6 goblins
  4 hobgoblins (D:1)
  A ball python (D:1)
  2 bats
  7 rats (D:1)
22 creatures vanquished.

Notes
Turn   | Place    | Note
-------+----------+-------------------------------------------
     0 | D:1      | Gorglomux the Halfling Air Elementalist began the quest for the Orb.
     0 | D:1      | Reached XP level 1. HP: 11/11 MP: 3/3
   181 | D:1      | Reached XP level 2. HP: 16/18 MP: 1/4
   327 | D:1      | Reached skill level 1 in Fighting
   614 | D:1      | Reached skill level 1 in Slings
   948 | D:1      | Reached XP level 3. HP: 23/23 MP: 0/5
  1375 | D:2      | Noticed Natasha
  1431 | D:2      | Slain by Natasha

Skill      XL: |  1  2  3 |
---------------+----------+-----
Fighting       | 1 |  1.4
Slings         | 1 2 |  2.3
Dodging        | |  2.1
Stealth        | |  2.7
Spellcasting   | |  1.5
Conjurations   | |  0.7
Air Magic      | |  3.0

Action                   || total
-------------------------++-------
Melee: Unarmed           ||    17
 Fire: Hunting sling     ||    18
 Cast: Shock             ||    49
  Eat: Chunk             ||     3
Armor: Robe              ||     5
Dodge: Dodged            ||    37
